 Dungeon Crawl Stone Soup version 0.29.1-1-gd02db6906a (webtiles) character file.

Game seed: 8929576450264609544

52 RascalDebosk the Magician (level 4, 0/31 HPs)
             Began as a Djinni Conjurer on Oct 12, 2022.
             Was an Initiate of Ashenzari.
             Killed from afar by a steam dragon (6 damage)
             ... with a ball of steam
             ... on level 4 of the Dungeon.
             The game lasted 00:21:14 (2932 turns).

RascalDebosk the Magician (Djinni Conjurer)         Turns: 2932, Time: 00:21:14

Health: 0/31       AC:  2    Str: 16    XL:     4   Next: 8%
Gold:   145        EV: 12    Int: 21    God:    Ashenzari [......] SH:  0 Dex: 10

rFire   + + .      SeeInvis .   h - +0 short sword
rCold   x . .      Faith    .   (no shield)
rNeg    . . .      Spirit   .   p - +0 robe
rPois   ∞          Reflect  .   (helmet restricted)
rElec   .          Harm     .   (no cloak)
rCorr   .          Rampage  .   (no gloves)
Will    .....                   (boots unavailable)
Stlth   ++........              (no amulet)
HPRegen 0.90/turn               i - +6 ring of strength
MPRegen 0.00/turn               (no ring)

@: flying, very slightly contaminated
A: sickness immunity, fire resistance 2, cold vulnerability 1, float, innate
caster, HP casting, extra vitality 1, horns 1, regeneration 1, strong 1
a: Renounce Religion


You were on level 4 of the Dungeon.
You worshipped Ashenzari.
Ashenzari was noncommittal.
You visited 2 branches of the dungeon, and saw 5 of its levels.

You collected 145 gold pieces.

Inventory:

Hand Weapons
 h - a +0 short sword (weapon)
Missiles
 c - 5 boomerangs
 e - 6 boomerangs of dispersal
 n - 6 poisoned darts
Armour
 a - a +0 robe
 o - a +0 helmet
 p - a +0 robe (worn)
Jewellery
 f - a ring of ice
 i - a +6 ring of strength (left hand)
Scrolls
 b - 3 scrolls of amnesia {unknown}
 d - 2 scrolls of fear {unknown}
 g - 4 scrolls of noise {unknown}
 k - a scroll of enchant armour {unknown}
 l - a scroll of vulnerability {unknown}
 r - 2 scrolls of identify {unknown}
Potions
 m - a potion of curing
 q - a potion of flight
 s - a potion of brilliance {unknown}
 t - a potion of attraction {unknown}


   Skills:
 + Level 0.9 Fighting
 + Level 0.8 Short Blades
 + Level 0.6 Throwing
 + Level 2.6 Dodging
 + Level 2.0 Stealth
 + Level 3.4 Spellcasting
 + Level 1.0 Evocations


You couldn't memorise any spells.
You knew the following spells:

 Your Spells              Type           Power      Damage    Failure   Level
a - Magic Dart            Conj           72%        1d6       3%          1
b - Searing Ray           Conj           36%        2d5       4%          2
c - Dazzling Flash        Conj/Hex       36%        N/A       10%         3
d - Fulminant Prism       Conj/Hex       9%         3d7       30%         4
e - Iskenderun's Mystic   Conj/Tloc      18%        2d6       30%         4
f - Summon Small Mammal   Summ           72%        N/A       3%          1
Your spell library was empty.

Dungeon Overview and Level Annotations

Branches:
Dungeon (4/15)             Temple (1/1) D:4

Altars:
Ashenzari
Cheibriados
Hepliaklqana
Makhleb
Okawaru
Qazlal
Ru
Trog
Uskayaw
Wu Jian
Xom
Zin
The Shining One


Innate Abilities, Weirdness & Mutations

You are immune to sickness and miasma.
You are immune to poison.
Your flesh is very heat resistant. (rF++)
You are vulnerable to cold. (rC-)
You float through the air rather than walking.
You learn spells naturally, not from books.
Your magical power is your life essence.
You have superior vitality. (+4 MHP)
You have a pair of small horns on your head.
Your natural rate of healing is unusually fast.
Your muscles are strong. (Str +4, Int/Dex -1)


Message History

There is a staircase back to the Dungeon here.
Found two transporters.
Found a shimmering altar of Xom and a snail-covered altar of Cheibriados.
Found four altars.
Found a hide-covered altar of Uskayaw.
There is a transporter here.
You enter the transporter and appear at another place.
Found a stormy altar of Qazlal.
There is a broken altar of Ashenzari here.
You hover solemnly before the altar of Ashenzari.
Ashenzari welcomes you!
Ashenzari warns you of distant threats and treasures.
Ashenzari reveals the structure of the dungeon to you.
Ashenzari shows you where magical portals lie.
There is a transporter here.
You enter the transporter and appear at another place.
Found a glowing golden altar of the Shining One.
There is a transporter here.
You enter the transporter and appear at another place.
There is a transporter here.
There is a transporter here.
You enter the transporter and appear at another place.
There is a stormy altar of Qazlal here.
There is a staircase back to the Dungeon here.
There is a staircase back to the Dungeon here.
You fly upwards.
Welcome back to the Dungeon!
There is a staircase to the Ecumenical Temple here.
You reach down and open the door.
Found a chain mail.
There is an open door here.
You see here a +0 chain mail.
Found a robe.
Found a stone staircase leading down.
There is a stone staircase leading down here.
Found a stone staircase leading down.
A steam dragon comes into view.
The steam dragon hisses angrily.
Aiming: Magic Dart (safe; 3% risk of failure)
Press: ? - help, Q - select action, (/) - cycle Shift-Dir - straight line, f - steam dragon
Aim: a steam dragon (100% to hit)
The magic dart hits the steam dragon.
The steam dragon is lightly wounded.
Aiming: Magic Dart (safe; 3% risk of failure)
Press: ? - help, Q - select action, (/) - cycle Shift-Dir - straight line, f/p - steam dragon
Aim: a steam dragon (lightly wounded, 100% to hit)
The magic dart hits the steam dragon.
The steam dragon is moderately wounded.
The steam dragon breathes steam at you. The ball of steam hits you. You resist.
Aiming: Magic Dart (safe; 3% risk of failure)
Press: ? - help, Q - select action, (/) - cycle Shift-Dir - straight line, f - you That beam is likely to hit you.
Continue anyway? [Y]es or [N]o only, please.
That beam is likely to hit you.
Continue anyway?
Okay, then.
You see here a bubbling pink potion.
Casting: Magic Dart (safe; 3% risk of failure)
Confirm with . or Enter, or press ? or * to list all spells.
The spell is quite dangerous to miscast (9% risk of failure)!
Continue anyway?
Casting: Dazzling Flash (quite dangerous; 9% risk of failure)
Press: ? - help, Dir - look around, f - activate The steam dragon is dazzled.
The steam dragon closely misses you. The steam dragon claws you.
Casting: Dazzling Flash (quite dangerous; 9% risk of failure)
Confirm with . or Enter, or press ? or * to list all spells.
The spell is extremely dangerous to miscast (28% risk of failure)!
Continue anyway?
You miscast Iskenderun's Mystic Blast.
You are very lightly contaminated with residual magic.
Space warps crazily around you.
You are magically locked in place.
The steam dragon bites you!
* * * LOW HITPOINT WARNING * * *
The steam dragon claws you.
* * * LOW HITPOINT WARNING * * *
Casting: Iskenderun's Mystic Blast (extremely dangerous; 28% risk of failure)
Confirm with . or Enter, or press ? or * to list all spells.
The spell is extremely dangerous to miscast (28% risk of failure)!
Continue anyway?
You erupt in a blast of force!
The mystic blast hits the steam dragon!
The steam dragon is heavily wounded.
The steam dragon is knocked back by the mystic blast.
* * * LOW HITPOINT WARNING * * *
You cannot move.
You cannot move.
It was a potion of flight.
You feel more buoyant.
It was a potion of curing.
You feel better.
The steam dragon is no longer blind.
The steam dragon breathes steam at you. The ball of steam hits you. You resist.
* * * LOW HITPOINT WARNING * * *
t - a bubbling pink potion You are no longer locked in place.
The steam dragon closely misses you. The steam dragon barely misses you.
It was a potion of mutation.
You feel extremely strange. A pair of horns grows on your head!
Your +0 helmet falls away!
You begin to heal more quickly.
You feel stronger. The steam dragon misses you.
The steam dragon claws you but does no damage.
You hit the steam dragon. You headbutt the steam dragon.
The steam dragon is severely wounded.
The steam dragon breathes steam at you. The ball of steam hits you. You resist.
You die...

.'..>..'.### #.# #.#
.#.....### #.# #.##
##.....# #.# #..#
##.....# #.#
##.######## .###+###
#.# #.........# ## #.#
#..######.# #.#
#..######.# ###
#.######.###..........
#..
#....D@...§...#####.#.
#.#
########.####......#
#.# ...# #.#####.#
#.######### #.### #.#
#.#<....... #. #.#
#.#.####### # #.#
#..#.### #.. #.###..#
### #..#.#.#


You could see a steam dragon (catching breath).

Vanquished Creatures
  An adder (D:2)
  2 worms
  4 orcs (D:3)
  5 endoplasms
  A giant cockroach (D:2)
  4 goblins
  2 hobgoblins
  6 ball pythons
  A bat (D:1)
  A frilled lizard (D:3)
  2 kobolds
  5 rats
34 creatures vanquished.

Notes
Turn   | Place    | Note
-------+----------+-------------------------------------------
     0 | D:1      | RascalDebosk the Djinni Conjurer began the quest for the
                  | Orb.
     0 | D:1      | RascalDebosk set off with the following spells memorised:
                  | Magic Dart, Searing Ray, Dazzling Flash, Fulminant Prism,
                  | Iskenderun's Mystic Blast.
     0 | D:1      | Reached XP level 1. HP: 15/15 MP: 0/0
   112 | D:1      | Found a faded altar of an unknown god.
   272 | D:1      | You are sucked into a shaft and drop 1 floor!
   344 | D:2      | Reached XP level 2. HP: 20/22 MP: 0/0
   833 | D:2      | Reached XP level 3. HP: 10/26 MP: 0/0
   833 | D:2      | Learned a level 1 spell: Summon Small Mammal
  1329 | D:3      | Identified the +5 mace of Hepliaklqana's Anger {protect,
                  | MP+9}
  2123 | D:3      | Reached skill level 1 in Evocations
  2123 | D:3      | Reached XP level 4. HP: 14/31 MP: 0/0
  2791 | D:4      | Found a staircase to the Ecumenical Temple.
  2798 | Temple   | Entered the Ecumenical Temple
  2798 | Temple   | Found a transporter.
  2798 | Temple   | Found a transporter.
  2800 | Temple   | Found a transporter.
  2800 | Temple   | Found a transporter.
  2820 | Temple   | Became a worshipper of Ashenzari the Shackled
  2920 | D:4      | Noticed a steam dragon
  2931 | D:4      | Gained mutation: You have a pair of small horns on your
                  | head. [potion of mutation]
  2931 | D:4      | Gained mutation: Your natural rate of healing is unusually
                  | fast. [potion of mutation]
  2931 | D:4      | Gained mutation: Your muscles are strong. (Str +4, Int/Dex
                  | -1) [potion of mutation]
  2932 | D:4      | Killed from afar by a steam dragon

Illustrated notes

Levels and vault maps discovered:
D:1:      evilmike_arrival_plus, layout_loops_corners,
          hellmonk_ecumenical_altar_lost_god
D:2:      layout_basic
D:3:      layout_loops_ring
D:4:      layout_loops_ring, temple_green, uniq_natasha
Temple:   hellmonk_temple_divided_pantheon

Skill      XL: |  1  2  3 |
---------------+----------+-----
Stealth        | 2 |  2.0
Evocations     | 1 |  1.0
Fighting       | |  0.9
Short Blades   | |  0.8
Throwing       | |  0.6
Dodging        | |  2.6
Spellcasting   | |  3.4

Action                   |  1- 3 |  4- 6 || total
-------------------------+-------+-------++-------
Melee: Short sword       |    13 |     1 ||    14
       Headbutt          |       |     1 ||     1
 Cast: Magic Dart        |    51 |    11 ||    62
       Searing Ray       |     4 |       ||     4
       Dazzling Flash    |     1 |     1 ||     2
       Iskenderun's Myst |       |     1 ||     1
  Use: Potion            |       |     3 ||     3
 Stab: Sleeping          |     1 |       ||     1
Armor: Robe              |     4 |     1 ||     5
Dodge: Dodged            |    33 |     4 ||    37
